 Dungeon Crawl Stone Soup version 0.26-a0-695-g987792ac36 (webtiles) character file.

Game seed: 3031845525467849409

141059 ringo67 the Warrior (level 17, -5/158 HPs)
             Began as a Ghoul Ice Elementalist on Oct 25, 2020.
             Was a High Priest of Vehumet.
             Slain by Donald
             ... wielding a +2 long sword of holy wrath
              (37 damage)
             ... on level 2 of the Spider Nest on Oct 26, 2020.
             The game lasted 01:37:02 (43748 turns).

ringo67 the Warrior (Ghoul Ice Elementalist)       Turns: 43748, Time: 01:37:06

Health: -5/158     AC: 16    Str: 14      XL:     17   Next: 32%
Magic:  17/28      EV: 17    Int: 11 (15) God:    Vehumet [*****.]
Gold:   1899       SH:  6    Dex:  8 (9)  Spells: 5/33 levels left

rFire    . . .     SeeInvis +   A - +9 rapier (venom)
rCold    + . .     Faith    .   t - +2 buckler {reflect}
rNeg     + + +     Spirit   .   s - +5 robe of Night {Dark MR+ SInv}
rPois    ∞         Reflect  +   g - +1 helmet
rElec    +         Harm     .   M - +2 cloak
rCorr    .         Rampage  .   (no gloves)
MR       +++..                  O - +1 pair of boots {Fly}
Stlth    ++........             C - amulet of the Hungering Traitor {Acrobat rElec MR+}
HPRegen  0.00/turn              (no ring)
MPRegen  0.21/turn              n - +4 ring of slaying

@: no potions, frozen ramparts, flying, studying Necromancy
A: rotting body, claws 1, cold resistance 1, negative energy resistance 3,
inhibited regeneration, torment resistance, unbreathing
a: Renounce Religion, Stop Flying


You were on level 2 of the Spider Nest.
You worshipped Vehumet.
Vehumet was extremely pleased with you.
You visited 5 branches of the dungeon, and saw 26 of its levels.
You also visited: Gauntlet and Ice Cave.

You collected 2458 gold pieces.
You spent 559 gold pieces at shops.

Inventory:

Hand Weapons
 A - a +9 rapier of venom (weapon)
Armour
 g - a +1 helmet (worn)
 s - the +5 robe of Night (worn) {Dark MR+ SInv}
   (You found it on level 6 of the Lair of Beasts)

   It affects your resistance to hostile enchantments.
   It lets you see invisible.
 t - a +2 buckler of reflection (worn)
 w - a +3 ring mail
 M - a +2 cloak (worn)
 O - a +1 pair of boots of flying (worn)
 P - a scarf of repulsion
Jewellery
 b - an uncursed ring of protection from magic
 m - an uncursed ring of protection from magic
 n - a +4 ring of slaying (right claw)
 u - an uncursed ring of protection from cold
 x - an uncursed amulet of faith {unknown}
 B - a +6 ring of strength
 C - the amulet of the Hungering Traitor (around neck) {Acrobat rElec MR+}
   (You found it on level 3 of the Lair of Beasts)

   [amulet of the acrobat]

   It helps you evade while moving and waiting.
   It insulates you from electricity.
   It affects your resistance to hostile enchantments.
 J - an uncursed amulet of guardian spirit
Wands
 d - a wand of iceblast (53)
 f - a wand of acid (17)
 y - a wand of digging (10)
 G - a wand of enslavement (10)
 I - a wand of paralysis (19)
 L - a wand of flame (16)
Scrolls
 a - 3 scrolls of enchant weapon
 e - 6 scrolls of teleportation
 i - 2 scrolls of magic mapping
 j - 3 scrolls of amnesia
 k - 4 scrolls of fog
 D - 2 scrolls of blinking
 F - a scroll of enchant armour
 H - 3 scrolls of remove curse
 N - 4 scrolls of identify
Potions
 c - 6 potions of might
 h - 6 potions of curing
 l - 4 potions of brilliance
 o - a potion of invisibility
 p - 2 potions of heal wounds
 q - a potion of resistance
 r - a potion of berserk rage {unknown}
 v - 3 potions of stabbing
 z - 2 potions of ambrosia
 E - a potion of flight
 K - 2 potions of cancellation
Books
 Q - a manual of Necromancy
Miscellaneous
 R - a condenser vane (2/2)


   Skills:
 + Level 16.2 Fighting
 - Level 4.3 Short Blades
 - Level 10.9 Armour
 + Level 13.0 Dodging
 - Level 2.1 Stealth
 - Level 4.1 Shields
 + Level 8.6 Spellcasting
 + Level 5.9 Summonings
 + Level 5.5 Translocations
 - Level 12.0 Ice Magic
 - Level 8.8 Earth Magic


You had 5 spell levels left.
You knew the following spells:

 Your Spells              Type           Power        Failure   Level
a - Freeze                Ice            ####         1%          1
b - Frozen Ramparts       Ice            ####..       1%          3
c - Summon Ice Beast      Ice/Summ       ###.....     3%          4
d - Blink                 Tloc           N/A          2%          2
e - Malign Gateway        Summ/Tloc      ###.......   100%        7
f - Lee's Rapid Deconstr  Erth           ###.......   3%          5
g - Ozocubu's Refrigerat  Ice            ####......   4%          6

Your spell library contained the following spells:

 Spells                   Type           Power        Failure   Level
 Bolt of Magma            Conj/Fire/Erth ##........   30%         5
 Sandblast                Erth           ###...       1%          1
 Call Imp                 Summ           ###.....     1%          2
 Ensorcelled Hibernation  Hex/Ice        ###...       1%          2
 Ozocubu's Armour         Ice            ####....     1%          3
 Stone Arrow              Conj/Erth      ##....       2%          3
 Passwall                 Tmut/Erth      ##......     3%          2
 Hailstorm                Conj/Ice       ###.....     3%          4
 Magic Dart               Conj           #...         4%          1
 Gell's Gravitas          Tloc           ###.......   4%          3
 Conjure Flame            Conj/Fire      #.......     12%         3
 Dazzling Flash           Conj/Hex       #.....       12%         3
 Inner Flame              Hex/Fire       #.......     12%         3
 Mephitic Cloud           Conj/Pois/Air  #.......     12%         3
 Static Discharge         Conj/Air       #.......     12%         3
 Corona                   Hex            #......      14%         1
 Passage of Golubria      Tloc           N/A          16%         4
 Slow                     Hex            #.......     22%         2
 Swiftness                Air            #.......     22%         2
 Petrify                  Tmut/Erth      ##......     24%         4
 Fulminant Prism          Conj/Hex       #.........   34%         4
 Sticky Flame             Conj/Fire      #.......     34%         4
 Metabolic Englaciation   Hex/Ice        ###.......   34%         5
 Confusing Touch          Hex            #.......     41%         3
 Tukima's Dance           Hex            #.......     41%         3
 Iskenderun's Battlesphe  Conj           #.......     67%         5
 Yara's Violent Unravell  Hex/Tmut       #.........   67%         5
 Cause Fear               Hex            #.........   82%         4
 Silence                  Hex/Air        #.........   99%         5
 Freezing Cloud           Conj/Ice/Air   ##........   69%         6
 Simulacrum               Ice/Necr       ###.......   88%         6
 Invisibility             Hex            #.......     100%        6
 Discord                  Hex            #.........   100%        8
 Ice Form                 Ice/Tmut       Unusable     N/A         4

Dungeon Overview and Level Annotations

Branches:
Dungeon (15/15)            Temple (1/1) D:5            Lair (6/6) D:8
 Shoals (0/4) Lair:3       Spider (2/4) Lair:3        Slime (0/5) Lair:5
    Orc (2/2) D:11            Elf (0/3) Orc:2        Vaults (0/5) D:13
 Depths (0/5) D:15          IceCv (visited)         Gauntlet (visited)

Altars:
Ashenzari
Cheibriados
Dithmenos
Elyvilon
Fedhas
Gozag
Hepliaklqana
Kikubaaqudgha
Makhleb
Nemelex Xobeh
Okawaru
Qazlal
Ru
Sif Muna
Trog
Uskayaw
Vehumet
Wu Jian
Xom
Yredelemnul
Zin
The Shining One
Beogh
Jiyva

Shops:
D:7 !   Orc:1 ?   Orc:2 }[[(=

Annotations:
D:6 Grinder
D:7 2 transporters, ArthosElwyn's ghost, novice HuMo
Lair:5 1 runed translucent door, exclusion: oklob plant
Spider:2 Donald


Innate Abilities, Weirdness & Mutations

Your body is rotting away.
You thrive by killing the living.
You are immune to poison.
You have sharp fingernails.
Your flesh is cold resistant. (rC+)
You are immune to negative energy. (rN+++)
You do not regenerate when monsters are visible.
You are immune to unholy pain and torment.
You can survive without breathing.


Message History

Donald says, "Why would someone put a sword in a little box?"
The wall freezes Donald.
Donald says, "I wonder if there's an end to this place."
Donald completely misses you.
Casting: Frozen Ramparts (safe; 1% risk of failure)
Confirm with . or Enter, or press ? or * to list all spells.
You blink.
The frozen ramparts melt away.
Casting: Blink (safe; 2% risk of failure)
Confirm with . or Enter, or press ? or * to list all spells.
The heat is drained from your surroundings.
You resist.
You feel very cold.
Donald is frozen.
Donald is severely wounded.
Casting: Ozocubu's Refrigeration (dangerous; 4% risk of failure)
Confirm with . or Enter, or press ? or * to list all spells.
The walls around you are covered in ice.
The wall freezes Donald. x2
Donald hits you with a +2 long sword of holy wrath!!!
* * * LOW HITPOINT WARNING * * *
You convulse!!!
You die...

##............###..........#...#
...........######...(.......####
.#.........# ##..............#
##.........# ##............#..#
.#....>....###................#
#...........#.................#
##..........#................##
###^..#####.................#
#.##### ##.#.@...........## #.#
...###.##@............# ###
.....#####......###.### ......##
##.<######.## .......##
#.####...#.#
........####.#.......### #.#
.........###.#.........# .#
..........###..........# #..
.....@....###.#........#


You could see Donald (fast, strong, very poisoned).

Vanquished Creatures
  Arachne (Spider:1)
  Jorgrun (Orc:2)
  A ghost moth (Spider:1)
  An entropy weaver (Spider:1)
  A minotaur (Gauntlet)
  The ghost of snackwell the Thaumaturge, a journeyman DEIE of Hepliaklqana (Lair:6)
  Josephine (Lair:5)
  Fannar (Lair:2)
  2 ogre magi
  A rakshasa (D:14)
  Harold (D:7)
  8 hydras
  Erica (Lair:1)
  6 two-headed ogres
  3 centaur warriors
  A death knight (D:12)
  A tengu warrior (D:15)
  3 death yaks
  5 orc high priests
  A shock serpent (shapeshifter) (Gauntlet)
  Sonja (Lair:1)
  4 skeletal warriors
  4 unseen horrors
  A necromancer (D:15)
  A lindwurm (Lair:6)
  8 wolf spiders (Spider:1)
  Pikel (D:6)
  6 orc knights
  3 wizards
  2 manticores
  3 orc sorcerers
  4 orb spiders
  A cyclops (D:14)
  36 elephants
  3 centaur zombies
  2 deep elf magi (D:13)
  Joseph (D:8)
  2 ice statues (IceCv)
  A spriggan zombie (D:15)
  Maurice (Orc:1)
  5 black mambas
  A torpor snail (Lair:4)
  A torpor snail (shapeshifter) (D:15)
  34 cane toads
  Maggie (Lair:1)
  A gargoyle (D:14)
  9 rime drakes
  5 demonic crawlers
  A kobold demonologist (D:14)
  A freezing wraith (D:13)
  9 komodo dragons
  7 trolls
  A wind drake (Lair:3)
  2 hornets
  4 tengu conjurers
  6 jumping spiders (Spider:1)
  3 polar bears
  3 tyrant leeches (Lair:6)
  37 blink frogs
  10 dream sheep
  2 slime creatures (D:14)
  A fire dragon skeleton (D:15)
  5 tarantellas
  A shadow (D:15)
  52 yaks
  21 redbacks
  7 wraiths
  Eustachio (D:6)
  3 wyverns
  Grum (D:8)
  A fire bat (shapeshifter) (D:12)
  A fire elemental (D:13)
  A steam dragon (Lair:2)
  3 basilisks
  6 vampire mosquitoes
  A warg (shapeshifter) (Gauntlet)
  An acid dragon (D:13)
  6 wargs
  15 water moccasins
  A water moccasin (shapeshifter) (D:14)
  Duvessa (D:6)
  A floating eye (shapeshifter) (Gauntlet)
  4 sky beasts
  33 orc warriors
  18 ice beasts
  3 phantoms
  2 necrophages
  4 black bears
  16 centaurs
  41 wolves
  7 ogres
  An elf zombie (D:7)
  A big kobold (D:8)
  A big kobold (shapeshifter) (Gauntlet)
  Blork the orc (D:6)
  25 bullfrogs
  Dowan (D:6)
  8 scorpions
  A troll zombie (D:7)
  3 water moccasin skeletons
  6 killer bees
  5 wights
  5 electric eels
  6 jellies
  A quasit (D:12)
  A human zombie (D:7)
  5 hounds
  2 bullfrog zombies
  29 orc priests
  3 bullfrog skeletons
  3 iguanas
  6 centaur skeletons
  A human skeleton (D:7)
  Natasha (thrice) (D:4)
  15 orc wizards
  14 worker ants
  6 hound skeletons
  2 mummies (D:7)
  A howler monkey zombie (D:7)
  Robin (D:2)
  11 gnolls
  3 howler monkey skeletons
  18 adders
  3 white imps
  2 ufetubi
  2 oozes
  An adder zombie (D:9)
  4 adder skeletons
  3 worms
  3 dart slugs
  5 leopard geckos
  82 orcs
  A ball python (D:4)
  6 bats
  6 giant cockroaches
  17 goblins
  8 hobgoblins
  5 jackals
  27 kobolds
  5 quokkas
  7 frilled lizards
  A jackal skeleton (D:6)
  An orc zombie (D:7)
  2 quokka skeletons
  10 rats
917 creatures vanquished.

Vanquished Creatures (collateral kills)
  2 hydras
  An orc high priest (Orc:2)
  A flayed ghost (D:15)
  A skeletal warrior (D:15)
  A wolf spider zombie (D:14)
  3 orc knights
  A fire giant zombie (D:15)
  A black mamba (Lair:3)
  A yaktaur zombie (D:15)
  A rime drake (Lair:5)
  3 dream sheep
  A wraith (D:7)
  3 yaks
  2 basilisks (Lair:3)
  2 orc warriors
  An ice beast (IceCv)
  A wolf (Lair:3)
  6 orc priests (Orc:2)
  4 orc wizards (Orc:2)
  A mummy (D:7)
  A bush (Lair:5)
38 creatures vanquished.

Vanquished Creatures (others)
  69 fungi
  211 plants
  8 withered plants (D:15)
288 creatures vanquished.

Grand Total: 1243 creatures vanquished

Notes
Turn   | Place    | Note
-------+----------+-------------------------------------------
     0 | D:1      | ringo67 the Ghoul Ice Elementalist began the quest for the
                  | Orb.
     0 | D:1      | Reached XP level 1. HP: 14/14 MP: 2/2
   175 | D:1      | Reached XP level 2. HP: 22/22 MP: 1/3
   402 | D:1      | Reached skill level 1 in Fighting
   770 | D:1      | Reached XP level 3. HP: 28/28 MP: 3/5
  1024 | D:1      | Reached skill level 5 in Ice Magic
  1503 | D:2      | Learned a level 3 spell: Frozen Ramparts
  1637 | D:2      | Noticed Robin
  1871 | D:2      | Reached XP level 4. HP: 36/36 MP: 2/6
  1883 | D:2      | Killed Robin
  2088 | D:2      | Found a shadowy altar of Dithmenos.
  2395 | D:2      | Reached skill level 2 in Fighting
  2539 | D:2      | Found a snail-covered altar of Cheibriados.
  2543 | D:2      | Found a hide-covered altar of Uskayaw.
  2688 | D:2      | Reached XP level 5. HP: 30/41 MP: 3/7
  2780 | D:2      | Found an iron altar of Okawaru.
  3402 | D:3      | Found a shimmering blue altar of Sif Muna.
  3708 | D:3      | Reached XP level 6. HP: 49/50 MP: 9/9
  3908 | D:4      | Reached skill level 3 in Fighting
  3998 | D:4      | Noticed Natasha
  4003 | D:4      | Killed Natasha
  4207 | D:4      | Noticed Natasha
  4220 | D:4      | Killed Natasha
  4468 | D:4      | Noticed Natasha
  4478 | D:4      | Killed Natasha
  4760 | D:4      | Noticed a phantom
  4802 | D:4      | Killed a phantom
  4802 | D:4      | Reached XP level 7. HP: 11/58 MP: 6/11
  5462 | D:4      | Reached skill level 4 in Fighting
  5544 | D:5      | Entered Level 5 of the Dungeon
  5546 | D:5      | Found a staircase to the Ecumenical Temple.
  5559 | Temple   | Entered the Ecumenical Temple
  5742 | D:5      | Found a snail-covered altar of Cheibriados.
  6168 | D:5      | HP: 2/60 [bullfrog skeleton (3)]
  6172 | D:5      | Reached XP level 8. HP: 1/67 MP: 11/13
  6818 | D:5      | Learned a level 4 spell: Summon Ice Beast
  7276 | D:6      | Noticed Eustachio
  7297 | D:6      | Killed Eustachio
  7297 | D:6      | Reached skill level 1 in Summonings
  7377 | D:6      | Reached skill level 5 in Fighting
  7493 | D:6      | Found a sacrificial altar of Ru.
  7522 | D:6      | Noticed Dowan
  7526 | D:6      | Noticed Duvessa
  7534 | D:6      | Killed Duvessa
  7543 | D:6      | Killed Dowan
  7630 | D:6      | Found a glowing golden altar of the Shining One.
  7705 | D:6      | Noticed Pikel
  7714 | D:6      | Killed Pikel
  7714 | D:6      | Reached XP level 9. HP: 73/75 MP: 9/15
  7778 | D:6      | Noticed Grinder
  7791 | D:6      | Reached skill level 6 in Fighting
  7909 | D:6      | Noticed Blork the orc
  7915 | D:6      | Killed Blork the orc
  8087 | D:7      | Reached skill level 5 in Spellcasting
  8383 | D:6      | Reached skill level 10 in Ice Magic
  8453 | D:7      | Found Xairi's Distillery.
  8457 | D:7      | Bought a potion of heal wounds for 55 gold pieces
  8461 | D:7      | Found a radiant altar of Vehumet.
  8464 | D:7      | Noticed Harold
  8497 | D:7      | Killed Harold
  8634 | D:7      | Became a worshipper of Vehumet
  8878 | D:7      | Found a transporter.
  8972 | D:7      | Found a transporter.
  8974 | D:7      | Noticed ArthosElwyn's ghost (novice HuMo)
  9029 | D:7      | Reached skill level 7 in Fighting
  9066 | D:7      | Reached skill level 8 in Fighting
  9066 | D:7      | Reached XP level 10. HP: 90/90 MP: 16/19
  9174 | D:7      | Reached XP level 11. HP: 46/95 MP: 20/20
  9376 | D:7      | Found an ancient bone altar of Kikubaaqudgha.
 10362 | D:8      | Reached * piety under Vehumet
 10362 | D:8      | Offered knowledge of Foxfire by Vehumet.
 10393 | D:8      | Noticed Grum
 10418 | D:8      | Killed Grum
 10419 | D:8      | Reached skill level 9 in Fighting
 10493 | D:8      | Reached skill level 5 in Dodging
 10720 | D:8      | Found a staircase to the Lair.
 10720 | D:8      | Noticed a two-headed ogre
 10736 | D:8      | Killed a two-headed ogre
 11264 | D:8      | Reached skill level 5 in Armour
 11332 | D:8      | Found a blossoming altar of Fedhas.
 11332 | D:8      | Noticed Joseph
 11342 | D:8      | Killed Joseph
 11664 | D:9      | Noticed a two-headed ogre
 11705 | D:9      | Offered knowledge of Shock by Vehumet.
 11722 | D:9      | Noticed a two-headed ogre
 11727 | D:9      | Killed a two-headed ogre
 11727 | D:9      | Reached ** piety under Vehumet
 11727 | D:9      | Reached skill level 1 in Short Blades
 11830 | D:9      | Killed a two-headed ogre
 12304 | D:9      | Reached skill level 10 in Fighting
 12627 | D:10     | Entered Level 10 of the Dungeon
 12975 | D:10     | Reached XP level 12. HP: 106/106 MP: 21/21
 12979 | D:10     | Offered knowledge of Searing Ray by Vehumet.
 13020 | D:10     | Reached *** piety under Vehumet
 13377 | Lair:1   | Entered Level 1 of the Lair of Beasts
 13381 | Lair:1   | Noticed Erica
 13395 | Lair:1   | Killed Erica
 14291 | Lair:1   | Reached skill level 11 in Fighting
 14659 | Lair:1   | Learned a level 2 spell: Blink
 14897 | Lair:1   | Reached skill level 1 in Translocations
 15026 | Lair:1   | You fall into a shaft and drop 1 floor!
 15099 | Lair:2   | Offered knowledge of Fulminant Prism by Vehumet.
 15296 | Lair:2   | Noticed Fannar
 15315 | Lair:2   | Killed Fannar
 15801 | Lair:2   | Reached XP level 13. HP: 81/117 MP: 22/24
 16424 | Lair:1   | Noticed Maggie
 16431 | Lair:1   | Killed Maggie
 16453 | Lair:1   | Noticed Sonja
 16466 | Lair:1   | Killed Sonja
 16878 | Lair:3   | Found a staircase to the Shoals.
 17256 | Lair:3   | Found a hole to the Spider Nest.
 17548 | Lair:3   | Reached skill level 12 in Fighting
 17555 | Lair:3   | Reached **** piety under Vehumet
 17588 | Lair:3   | Offered knowledge of Stone Arrow by Vehumet.
 19295 | Lair:3   | Got a crude golden amulet
 19298 | Lair:3   | Identified the amulet of the Hungering Traitor {Acrobat
                  | rElec MR+} (You found it on level 3 of the Lair of Beasts)
 19788 | Lair:3   | Learned a level 4 spell: Hailstorm
 20445 | Lair:4   | Reached XP level 14. HP: 89/127 MP: 25/25
 20833 | Lair:4   | Reached ***** piety under Vehumet
 20833 | Lair:4   | Reached skill level 13 in Fighting
 20919 | Lair:4   | Offered knowledge of Olgreb's Toxic Radiance by Vehumet.
 21277 | Lair:4   | Got a warped leather armour
 21278 | Lair:4   | Identified the cursed +1 leather armour "Aghyt" {Rampage
                  | rN++ Str-4 Int+3} (You found it on level 4 of the Lair of
                  | Beasts)
 21509 | Lair:5   | Reached skill level 10 in Dodging
 21659 | Lair:5   | Found a frozen archway.
 21753 | IceCv    | Entered an ice cave
 22574 | IceCv    | Learned a level 5 spell: Lee's Rapid Deconstruction
 23192 | IceCv    | Reached skill level 1 in Earth Magic
 24189 | Lair:5   | Noticed Josephine
 24199 | Lair:5   | Killed Josephine
 24310 | Lair:5   | Found a runed translucent door.
 24310 | Lair:5   | Found a viscous altar of Jiyva.
 24310 | Lair:5   | Found a staircase to the Slime Pits.
 24310 | Lair:5   | Noticed an acid blob
 24310 | Lair:5   | Noticed an acid blob
 25460 | Lair:6   | Entered Level 6 of the Lair of Beasts
 25482 | Lair:5   | Offered knowledge of Starburst by Vehumet.
 26295 | Lair:6   | Reached skill level 5 in Earth Magic
 26468 | Lair:6   | Reached XP level 15. HP: 100/137 MP: 26/26
 26745 | Lair:6   | Reached skill level 14 in Fighting
 28273 | Lair:6   | Found the +5 robe of Night {Dark MR+ SInv}
 28446 | Lair:6   | Offered knowledge of Fireball by Vehumet.
 28573 | Lair:6   | Found a runed translucent gate.
 28574 | Lair:6   | Found a runed translucent gate.
 28574 | Lair:6   | Noticed snackwell's ghost (journeyman DEIE)
 28575 | Lair:6   | Found a runed translucent gate.
 29058 | Lair:6   | Killed snackwell's ghost
 29058 | Lair:6   | Reached skill level 10 in Armour
 29079 | Lair:6   | Got a steaming hat
 29080 | Lair:6   | Identified the +2 hat "Oloimar" {rC- Regen+ rCorr Int-4}
                  | (You found it on level 6 of the Lair of Beasts)
 30042 | D:11     | Found a staircase to the Orcish Mines.
 30904 | Orc:1    | Entered Level 1 of the Orcish Mines
 31136 | Orc:1    | Found Fuokap's Magic Scroll Boutique.
 31216 | Orc:2    | Entered Level 2 of the Orcish Mines
 32208 | Orc:1    | Reached XP level 16. HP: 56/147 MP: 17/27
 32781 | Orc:2    | Reached skill level 15 in Fighting
 32857 | Orc:2    | Found a roughly hewn altar of Beogh.
 32949 | Orc:2    | Offered knowledge of Conjure Ball Lightning by Vehumet.
 33824 | Orc:2    | Found a staircase to the Elven Halls.
 33961 | Orc:2    | Found Retaq's Antique Armour Shop.
 33961 | Orc:2    | Found Keniamm's Antique Armour Shop.
 33962 | Orc:2    | Found Umuff's Antique Weapon Boutique.
 33966 | Orc:2    | Found Waomn's Jewellery Boutique.
 33991 | Orc:2    | Bought a runed ring mail for 252 gold pieces
 33991 | Orc:2    | Bought a shiny scale mail for 252 gold pieces
 34128 | Orc:2    | Found Duam's Gadget Shoppe.
 34299 | Orc:1    | Noticed Maurice
 34299 | Orc:1    | Noticed Jorgrun
 34605 | Orc:2    | Killed Jorgrun
 34868 | Orc:1    | Killed Maurice
 35128 | Orc:1    | Offered knowledge of Freezing Cloud by Vehumet.
 36417 | D:13     | Found a gate to the Vaults.
 37373 | D:13     | Identified the Guide on Entrancing Orientation
 37385 | D:13     | Learned a level 7 spell: Malign Gateway
 37987 | D:14     | Learned a level 6 spell: Ozocubu's Refrigeration
 38132 | D:14     | Offered knowledge of Bolt of Magma by Vehumet.
 38842 | D:15     | Entered Level 15 of the Dungeon
 38850 | D:15     | Found a staircase to the Depths.
 38885 | D:15     | Found a gate leading to a gauntlet.
 38896 | Gauntlet | Entered a Gauntlet
 38896 | Gauntlet | Found a transporter.
 38896 | Gauntlet | Found a transporter.
 38900 | Gauntlet | Found a transporter.
 38903 | Gauntlet | Found a transporter.
 38904 | Gauntlet | Found a transporter.
 38904 | Gauntlet | Found a transporter.
 38938 | Gauntlet | Found a transporter.
 38942 | Gauntlet | Found a transporter.
 38950 | Gauntlet | Found a transporter.
 38952 | Gauntlet | Identified the +9 hunting sling of Vopp {freeze, Str+3}
 38965 | Gauntlet | Found a runed translucent gate.
 38966 | Gauntlet | Found a transporter.
 38966 | Gauntlet | Found a runed translucent gate.
 38967 | Gauntlet | Found a runed translucent gate.
 38981 | Gauntlet | Found a transporter.
 38985 | Gauntlet | Found a transporter.
 39027 | Gauntlet | Identified the Collected Works on Cold and Battle Magic
 39080 | Gauntlet | Paralysed by a floating eye for 4 turns
 40286 | D:15     | Reached skill level 5 in Summonings
 40433 | D:15     | Reached skill level 16 in Fighting
 40964 | Spider:1 | Entered Level 1 of the Spider Nest
 41030 | Spider:1 | Reached XP level 17. HP: 124/158 MP: 28/28
 41209 | Spider:1 | Reached skill level 5 in Translocations
 41235 | Spider:1 | HP: 3/158 [something (10)]
 43016 | Spider:2 | Noticed Arachne
 43654 | Spider:1 | Killed Arachne
 43724 | Spider:2 | Noticed Donald
 43748 | Spider:2 | Slain by Donald

Illustrated notes

Levels and vault maps discovered:
D:1:      shiori_arrival_oz, layout_rooms, minmay_domino_4
D:2:      layout_loops_ring, lemuel_doored_altar,
          nicolae_overflow_hidden_temple, grunt_dithmenos_smoke_and_mirrors,
          uniq_robin
D:3:      layout_rooms, lemuel_crystal_altar, st_stairs_9
D:4:      layout_loops_ring, serial_glass, glass_columns_c, glass_columns_b,
          glass_columns_c, glass_columns_a, wad_rectangle_vault, uniq_natasha
D:5:      layout_gridville, minmay_temple_entry_statues_pillars, basic_altar
D:6:      layout_loops_ring, nicolae_ru_sacrificial_ziggurat, basic_altar,
          uniq_grinder, uniq_blork_the_orc, uniq_duvessa, uniq_pikel,
          uniq_eustachio
D:7:      layout_cave_pools, fiery_altar_vehumet, serial_shops, shop,
          gammafunk_ghost_mausoleum, lemuel_mausoleum_altar_kikubaaqudgha,
          uniq_harold
D:8:      layout_loops_ring, grunt_lair_entry_orc_guard_hut, basic_altar,
          uniq_grum, uniq_joseph
D:9:      wad_pebble_path, layout_loops_ring
D:10:     layout_rooms
D:11:     layout_roguey, david_orc_1_choice, serial_corexii_hall,
          corexii_hall_statues_l, corexii_hall_statues_x,
          corexii_hall_statues_t, chequers_hall_statues_y,
          chequers_hall_statues_wall_a, corexii_hall_statues_deadend
D:12:     layout_basic, uniq_snorg
D:13:     cheibrodos_lost_city_excavation, layout_cave_pools, david_vaults_2
D:14:     layout_irregular_city, serial_glass, glass_columns_c, glass_columns_a,
          item_on_display_a, due_unseen_surprise, feat_on_display
D:15:     gammafunk_depths_entry_grave, layout_rooms, hangedman_decor_opposing,
          gauntlet_entry_generic, dk_noncrumbling_3
Temple:   regret_index_temple_waves
Lair:1:   layout_gridlike, lemuel_fruit_fields, uniq_erica, uniq_sonja,
          uniq_maggie
Lair:2:   layout_misc_corridors, st_stairs_11, uniq_fannar
Lair:3:   cheibrodos_lair_river_kwai, layout_cellular_growth,
          minmay_shoals_entry_beasts, spider_nest_entry_a,
          grunt_forest_large_clearings
Lair:4:   layout_regular_city, st_stairs_9, nicolae_quartered_pool_medium,
          grunt_megastairs_5
Lair:5:   layout_cave_shapes, slime_altar_2, portal_ice_cave_rime,
          chequers_serial_rivers_micro_c, minmay_lair_oklob_bushes,
          serial_bayou_pond_c, grunt_megastairs_4, infiniplex_staircase_pool,
          serial_bayou_shore_b, uniq_josephine
Lair:6:   minmay_lair_end_frog_pond, layout_cave_pods,
          gammafunk_ghost_hydra_chop, serial_bayou, serial_bayou_pond_d,
          serial_bayou_lagoon_a, serial_bayou_pond_a, serial_bayou_pond_d,
          serial_bayou_shore_b
Spider:1: layout_spider_delve
Spider:2: layout_chambers, uniq_arachne, uniq_donald
Orc:1:    layout_caves, serial_shops, nicolae_shop_crystal, uniq_maurice,
          uniq_jorgrun
Orc:2:    st_orc_mages, layout_caves, serial_shops, shop, basic_altar,
          guppyfry_orc_lava_fort

Skill      XL: |  1  2  3  4  5  6  7  8  9 10 11 12 13 14 15 16 17 |
---------------+----------------------------------------------------+-----
Spellcasting   | 2 3 4 6 7 8 |  8.6
Fighting       | 1 2 3 4 5 8 10 11 12 13 14 16 | 16.2
Ice Magic      | 5 6 7 8 9 10 11 12 | 12.0
Summonings     | 2 3 4 5 |  5.9
Armour         | 4 6 7 9 10 | 10.9
Dodging        | 4 6 8 9 10 11 12 13 | 13.0
Shields        | 4 |  4.1
Short Blades   | 2 3 4 |  4.3
Translocations | 3 4 5 |  5.5
Earth Magic    | 5 8 |  8.8
Stealth        | |  2.1

Action                   |  1- 3 |  4- 6 |  7- 9 | 10-12 | 13-15 | 16-18 || total
-------------------------+-------+-------+-------+-------+-------+-------++-------
Melee: Unarmed           |    70 |     7 |       |       |       |       ||    77
       Spear             |       |    70 |       |       |       |       ||    70
       Short sword       |       |   102 |   112 |       |       |       ||   214
       Rapier            |       |       |    74 |   412 |  1189 |   637 ||  2312
 Cast: Freeze            |    28 |       |       |       |       |       ||    28
       Frozen Ramparts   |     2 |    16 |    13 |    38 |    94 |    70 ||   233
       Summon Ice Beast  |       |       |       |     7 |    51 |    36 ||    94
       Hailstorm         |       |       |       |       |     8 |       ||     8
       Lee's Rapid Decon |       |       |       |       |    11 |    18 ||    29
       Ozocubu's Refrige |       |       |       |       |       |    12 ||    12
       Blink             |       |       |       |       |       |     2 ||     2
Evoke: Wand              |       |       |       |       |     1 |       ||     1
  Use: Scroll            |       |     1 |    11 |     6 |    19 |     7 ||    44
       Potion            |       |       |     1 |       |     3 |     6 ||    10
 Stab: Sleeping          |       |     9 |     5 |       |       |     1 ||    15
       Distracted        |       |       |       |       |     3 |     4 ||     7
Armor: Robe              |    20 |    26 |    34 |       |       |    50 ||   130
       Ring mail         |       |       |    12 |   142 |     2 |   212 ||   368
       Swamp dragon scal |       |       |       |       |   541 |    24 ||   565
       Skin              |       |       |       |       |       |     5 ||     5
Dodge: Dodged            |    62 |   120 |   120 |   271 |  1035 |   545 ||  2153
Block: Buckler           |       |       |       |       |    79 |   229 ||   308
       Reflection        |       |       |       |       |     4 |    18 ||    22

Table legend: (Time is in decaauts)
 A = Elapsed time spent in this place.
 B = Non-inter-level travel time spent in this place.
 C = Inter-level travel time spent in this place.
 D = Time resting spent in this place.
 E = Time spent auto-exploring this place.
 F = Levels seen in this place.
 G = Mean time per level.
                   A        B        C        D        E       F      G
               +--------+--------+--------+--------+--------+-----+--------+
         Total |  43952 |  42563 |   1389 |  16223 |  18585 |  28 | 1569.7 |
       Dungeon |  19595 |  18794 |    801 |   5437 |   9886 |  15 | 1306.3 |
        Temple |    131 |    111 |     20 |      0 |    107 |   1 |  131.0 |
          Lair |  14969 |  14644 |    325 |   5646 |   6553 |   6 | 2494.8 |
   Spider Nest |   2330 |   2264 |     66 |   1167 |    742 |   2 | 1165.0 |
  Orcish Mines |   4648 |   4471 |    177 |   2362 |   1158 |   2 | 2324.0 |
      Ice Cave |   1642 |   1642 |      0 |   1245 |    139 |   1 | 1642.0 |
      Gauntlet |    633 |    633 |      0 |    365 |      0 |   1 |  633.0 |
               +--------+--------+--------+--------+--------+-----+--------+

Top non-repeatable levels by time:
  Lair:3: 3410 daAuts
  Lair:5: 3144 daAuts
  Lair:6: 3107 daAuts
   Orc:1: 2385 daAuts
   Orc:2: 2263 daAuts
  Lair:1: 2188 daAuts
     D:7: 2017 daAuts
Spider:1: 1885 daAuts
  Lair:4: 1712 daAuts
     D:2: 1699 daAuts
     D:4: 1651 daAuts
   IceCv: 1642 daAuts
    D:13: 1632 daAuts
     D:1: 1619 daAuts
     D:5: 1494 daAuts
